 Dungeon Crawl Stone Soup version 0.23.1 (webtiles) character file.

Game seed: 9458736661876523402

20559 elfaar the Bludgeoner (level 12, -11/110 HPs)
             Began as a Minotaur Berserker on Mar 7, 2019.
             Was a High Priest of Trog.
             Killed from afar by a salamander mystic (22 damage)
             ... with a bolt of magma
             ... in a volcano.
             The game lasted 01:08:55 (10492 turns).

elfaar the Bludgeoner (Minotaur Berserker)         Turns: 10492, Time: 01:08:56

Health: -11/110    AC: 12    Str: 27    XL:     12   Next: 46%
Magic:  11/11      EV: 11    Int: 10    God:    Trog [*****.]
Gold:   711        SH: 11    Dex:  8    Spells: 11/11 levels left

rFire    + . .     SeeInvis +   L - +4 flail of Dullness {crush, rF+ Dex-2 SInv Stlth+}
rCold    . . .     Gourm    .   y - +0 shield
rNeg     . . .     Faith    .   H - +3 scale mail {MR+}
rPois    .         Spirit   .   (helmet restricted)
rElec    .         Reflect  .   (no cloak)
rCorr    .         Harm     .   (no gloves)
MR       +....                  (no boots)
Stlth    +.........             i - amulet of regeneration
HPRegen  0.68/turn              C - +6 ring of intelligence
MPRegen  0.12/turn              (no ring)

@: no status effects
A: retaliatory headbutt, horns 2
a: Berserk, Trog's Hand, Brothers in Arms, Renounce Religion


You were in a volcano.
You worshipped Trog.
Trog was extremely pleased with you.
You were hungry.

You visited 3 branches of the dungeon, and saw 14 of its levels.
You also visited: Ossuary and Volcano.

You collected 711 gold pieces.

Inventory:

Hand Weapons
 a - a +0 mace
 q - a +0 flail
 v - a +0 mace
 z - a +0 hand axe
 A - a +2 great mace of protection
 E - a +2 antimagic dire flail
 L - the +4 flail of Dullness (weapon) {crush, rF+ Dex-2 SInv Stlth+}
   (Trog gifted it to you on level 1 of the Lair of Beasts)

   It inflicts extra damage upon your enemies.
   It affects your dexterity (-2).
   It protects you from fire.
   It lets you see invisible.
   It makes you more stealthy.
 N - a +0 morningstar
Missiles
 h - 263 stones
 m - 7 tomahawks (quivered)
 D - 4 poisoned javelins
 G - 7 javelins
 J - 23 poisoned needles
Armour
 b - +1 ice dragon scales
 e - a +0 chain mail
 y - a +0 shield (worn)
 H - a +3 scale mail of magic resistance (worn)
Jewellery
 i - an amulet of regeneration (around neck)
 C - a +6 ring of intelligence (left hand)
Wands
 f - a wand of scattershot (4)
 l - a wand of iceblast (17)
 p - a wand of flame (37)
 B - a wand of digging (6)
 O - a wand of disintegration (11)
Scrolls
 j - 3 scrolls of blinking
 w - 11 scrolls of remove curse
 x - 8 scrolls of identify
 I - a scroll of teleportation
 K - a scroll of fear
Potions
 d - 2 potions of invisibility
 g - a potion of agility
 k - 3 potions of curing
 n - 4 potions of heal wounds
 o - 2 potions of might
 r - a potion of ambrosia {unknown}
 s - 7 potions of flight
 t - 3 potions of haste
 u - a potion of brilliance
 F - a potion of lignification {unknown}
Comestibles
 c - 19 rations


   Skills:
 + Level 11.2 Fighting
 + Level 15.9 Maces & Flails
 + Level 1.6 Throwing
 + Level 11.0 Armour
 + Level 7.4 Dodging
 + Level 1.9 Stealth
 + Level 6.9 Shields


You had 11 spell levels left.
You didn't know any spells.
Your spell library was empty.

Dungeon Overview and Level Annotations

Branches:
Dungeon (10/15)            Temple (1/1) D:7            Lair (3/6) D:10
 Spider (0/4) Lair:3
  Swamp: Lair:2-4    Shoals: Lair:2-4       Orc: D:9-12

Altars:
Ashenzari
Cheibriados
Dithmenos
Elyvilon
Fedhas
Gozag
Hepliaklqana
Kikubaaqudgha
Makhleb
Nemelex Xobeh
Okawaru
Qazlal
Ru
Sif Muna
Trog
Uskayaw
Vehumet
Wu Jian
Xom
Yredelemnul
Zin
The Shining One

Shops:
D:7 :   D:9 :

Annotations:
D:6 3 runed translucent doors, DungeonDestroyer's ghost, amateur MiFi; Malog's ghost, novice DsAE; Stil's ghost, novice HaHu; buskinjo's ghost, amateur OgHu; grocchini's ghost, novice VSFi
D:9 2 transporters, wojtek's ghost, novice MiFi


Innate Abilities, Weirdness & Mutations

You reflexively headbutt those who attack you in melee.
You have a pair of horns on your head.


Message History

* * * LOW HITPOINT WARNING * * *
You are engulfed in flames.
You resist.
* * * LOW HITPOINT WARNING * * *
Unknown command.
You block the hell knight's attack.
There is an open door here.
As you read the scroll of teleportation, it crumbles to dust.
You feel strangely unstable.
The hell knight hits you with a +2 flail of flaming!
* * * LOW HITPOINT WARNING * * *
The hell knight burns you.
* * * LOW HITPOINT WARNING * * *
The salamander hits you but does no damage.
The hell knight gestures at you while chanting.
You block the puff of flame.
Your surroundings suddenly seem different.
A salamander mystic comes into view. It is wielding a +0 quarterstaff.
The salamander mystic gestures at you while chanting.
The bolt of magma hits you!! You partially resist.
You die...

§§§§§..## §≈§≈≈...##
§≈≈≈§....##
≈≈≈≈≈≈§§..###########
≈§§§§≈≈≈§..##$..8..$#
≈§≈≈§≈§§§..##$.≈N≈.$#
≈≈≈≈§§≈..# #$.....$#
≈§≈§§§..# #}[.@.[$#
§≈§§§§..# #!!...!!#
≈§§≈§..### #$)#.#)"#
§§≈≈§...8#######+####
≈≈§≈§....p.NN.......#
≈§§§§...8####N......#
.§§...#### #.N.....#
.§§.#.# #.......#
####### #.#...#.#


You could see an obsidian statue (unaware) and a salamander mystic.

Vanquished Creatures
  3 hydras (Lair:2)
  Harold (D:7)
  A two-headed ogre (D:8)
  Erica (Lair:2)
  Urug (D:10)
  Pikel (D:5)
  A black mamba (Lair:2)
  5 spiny frogs
  4 komodo dragons
  A troll (D:9)
  Prince Ribbit (D:6)
  6 hippogriffs
  Sigmund (D:3)
  Eustachio (D:5)
  3 wraiths (D:8)
  5 fire bats (Volcano)
  5 yaks
  Grum (D:10)
  A steam dragon (D:8)
  Menkaure (D:7)
  8 water moccasins
  3 black bears
  10 porcupines
  An orc warrior (D:10)
  3 ice beasts
  4 sky beasts
  2 phantoms (D:10)
  An eye of draining (D:9)
  4 ogres
  2 necrophages
  12 wolves
  3 centaurs
  2 crocodiles
  2 elf zombies
  3 big kobolds
  A gnoll sergeant (D:6)
  6 bullfrogs
  6 scorpions
  3 wights (D:7)
  3 killer bees (D:7)
  4 jellies
  6 crimson imps
  7 lava snakes (Volcano)
  5 hounds
  2 orc priests
  5 orc wizards
  4 human skeletons
  3 human zombies (D:8)
  Crazy Yiuf (D:5)
  4 hell rats (Lair:3)
  3 iguanas
  Terence (D:2)
  10 worker ants
  A killer bee zombie (D:8)
  15 mummies
  A hound zombie (D:10)
  2 hound skeletons
  Robin (D:3)
  A worker ant zombie (D:10)
  13 gnolls
  11 adders
  2 shadow imps (D:10)
  3 oozes
  An adder skeleton (D:4)
  An adder zombie (D:6)
  4 worms
  A dart slug (D:2)
  7 leopard geckos
  26 orcs
  2 ball pythons
  12 bats
  9 giant cockroaches
  19 goblins
  12 hobgoblins
  10 jackals
  5 quokkas
  5 frilled lizards
  2 gnoll skeletons (Ossuary)
  A goblin skeleton (Ossuary)
  25 kobolds
  3 kobold skeletons (Ossuary)
  A leopard gecko skeleton (D:6)
  3 orc skeletons
  An orc zombie (D:4)
  8 rats
  11 rat skeletons (Ossuary)
397 creatures vanquished.

Vanquished Creatures (collateral kills)
  An orc warrior (D:7)
  A sky beast (D:7)
  An ice beast (D:7)
  2 killer bees (D:7)
  3 gnolls (D:7)
  An orc (D:7)
9 creatures vanquished.

Vanquished Creatures (others)
  A bush (Lair:3)
1 creature vanquished.

Grand Total: 407 creatures vanquished

Notes
Turn   | Place    | Note
-------+----------+-------------------------------------------
     0 | D:1      | elfaar the Minotaur Berserker began the quest for the Orb.
     0 | D:1      | Reached XP level 1. HP: 19/19 MP: 0/0
   129 | D:1      | Reached XP level 2. HP: 27/27 MP: 1/1
   140 | D:1      | Reached skill level 4 in Maces & Flails
   302 | D:1      | Reached XP level 3. HP: 33/34 MP: 2/2
   364 | D:1      | Reached ** piety under Trog
   948 | D:2      | Reached XP level 4. HP: 41/41 MP: 3/3
  1057 | D:2      | Noticed Terence
  1068 | D:2      | Killed Terence
  1461 | D:3      | Noticed Sigmund
  1472 | D:3      | Killed Sigmund
  1472 | D:3      | Reached skill level 5 in Fighting
  1472 | D:3      | Reached skill level 5 in Maces & Flails
  1472 | D:3      | Reached XP level 5. HP: 45/48 MP: 4/4
  1472 | D:3      | Reached XP level 6. HP: 53/56 MP: 5/5
  1645 | D:3      | Reached skill level 6 in Maces & Flails
  1847 | D:3      | Found a blossoming altar of Fedhas.
  1862 | D:3      | Reached *** piety under Trog
  1904 | D:3      | Noticed Robin
  1916 | D:3      | Killed Robin
  2127 | D:3      | Reached skill level 5 in Armour
  2580 | D:4      | Reached skill level 7 in Maces & Flails
  2580 | D:4      | Reached XP level 7. HP: 61/61 MP: 6/6
  2620 | D:4      | Found a sand-covered staircase.
  2625 | Ossuary  | Entered an ossuary
  2659 | Ossuary  | Reached **** piety under Trog
  2985 | D:4      | Reached skill level 8 in Maces & Flails
  3549 | D:5      | Entered Level 5 of the Dungeon
  3558 | D:5      | Reached XP level 8. HP: 70/70 MP: 7/7
  3685 | D:5      | Found a runed translucent door.
  3686 | D:5      | Noticed Crazy Yiuf
  3698 | D:5      | Killed Crazy Yiuf
  3698 | D:5      | Reached ***** piety under Trog
  4016 | D:5      | Noticed Eustachio
  4069 | D:5      | Killed Eustachio
  4069 | D:5      | Reached skill level 9 in Maces & Flails
  4069 | D:5      | Reached skill level 1 in Shields
  4098 | D:5      | Noticed Pikel
  4107 | D:5      | Killed Pikel
  4429 | D:6      | Found a sacrificial altar of Ru.
  4560 | D:6      | Reached skill level 1 in Stealth
  4560 | D:6      | Reached XP level 9. HP: 70/78 MP: 8/8
  4577 | D:6      | Found a runed translucent gate.
  4577 | D:6      | Found a runed translucent gate.
  4577 | D:6      | Found a runed translucent gate.
  4579 | D:6      | Noticed DungeonDestroyer's ghost (amateur MiFi)
  4579 | D:6      | Noticed Stil's ghost (novice HaHu)
  4580 | D:6      | Noticed Malog's ghost (novice DsAE)
  4580 | D:6      | Noticed buskinjo's ghost (amateur OgHu)
  4580 | D:6      | Noticed grocchini's ghost (novice VSFi)
  4787 | D:6      | Noticed Prince Ribbit
  4792 | D:6      | Killed Prince Ribbit
  4792 | D:6      | Reached skill level 10 in Maces & Flails
  4792 | D:6      | Reached skill level 5 in Dodging
  5384 | D:7      | Reached skill level 11 in Maces & Flails
  5390 | D:7      | Noticed Harold
  5417 | D:7      | Received a gift from Trog
  5463 | D:7      | Killed Harold
  5463 | D:7      | Reached XP level 10. HP: 88/88 MP: 9/9
  5501 | D:7      | Reached skill level 12 in Maces & Flails
  5641 | D:7      | Found a staircase to the Ecumenical Temple.
  5650 | Temple   | Entered the Ecumenical Temple
  5898 | D:7      | Noticed Menkaure
  5908 | D:7      | Killed Menkaure
  6484 | D:7      | Found Jasomo's Book Boutique.
  6677 | D:8      | Found a burning altar of Makhleb.
  6733 | D:8      | Received a gift from Trog
  6787 | D:8      | Reached skill level 1 in Throwing
  6878 | D:8      | Found a basalt altar of Yredelemnul.
  6959 | D:8      | Noticed a two-headed ogre
  6962 | D:8      | Reached skill level 13 in Maces & Flails
  6969 | D:8      | Killed a two-headed ogre
  7122 | D:9      | You fall through a shaft!
  7122 | D:10     | Entered Level 10 of the Dungeon
  7227 | D:10     | Noticed Urug
  7239 | D:10     | Killed Urug
  7239 | D:10     | Reached XP level 11. HP: 35/97 MP: 10/10
  7377 | D:10     | Reached skill level 14 in Maces & Flails
  7428 | D:9      | Found a transporter.
  7430 | D:9      | Noticed wojtek's ghost (novice MiFi)
  7433 | D:9      | Noticed an ice dragon
  7602 | D:9      | Found Tasimem's Book Boutique.
  7736 | D:9      | Found a transporter.
  7833 | D:9      | Found an ancient bone altar of Kikubaaqudgha.
  7973 | D:10     | Found a staircase to the Lair.
  7973 | D:10     | Noticed Grum
  7978 | D:10     | Killed Grum
  8266 | Lair:1   | Entered Level 1 of the Lair of Beasts
  8373 | Lair:1   | Received a gift from Trog
  8374 | Lair:1   | Got a twisted flail {god gift}
  8375 | Lair:1   | Identified the +4 flail of Dullness {crush, rF+ Dex-2 SInv
                  | Stlth+} (Trog gifted it to you on level 1 of the Lair of
                  | Beasts)
  8512 | Lair:1   | Reached skill level 15 in Maces & Flails
  8563 | Lair:1   | HP: 4/99 [komodo dragon (24)]
  8711 | Lair:1   | Reached skill level 10 in Fighting
  8954 | Lair:2   | Noticed a four-headed hydra
  8968 | Lair:2   | Killed a four-headed hydra
  8968 | Lair:2   | Reached skill level 10 in Armour
  8968 | Lair:2   | Reached skill level 5 in Shields
  9028 | Lair:2   | Noticed a six-headed hydra
  9139 | Lair:2   | Killed a six-headed hydra
  9330 | Lair:2   | Reached XP level 12. HP: 74/107 MP: 11/11
  9530 | Lair:2   | Noticed an eight-headed hydra
  9539 | Lair:2   | Killed an eight-headed hydra
  9628 | Lair:2   | Noticed Erica
  9647 | Lair:2   | Killed Erica
 10224 | Lair:3   | Found a hole to the Spider Nest.
 10313 | Lair:3   | Found a dark tunnel.
 10342 | Volcano  | Entered a volcano
 10477 | Volcano  | Found a radiant altar of Vehumet.
 10492 | Volcano  | Killed from afar by a salamander mystic

Skill      XL: |  1  2  3  4  5  6  7  8  9 10 11 12 |
---------------+-------------------------------------+-----
Fighting       | 4 5 6 7 9 10 11 | 11.2
Maces & Flails | 4 5 7 8 9 11 13 15 | 15.9
Armour         | 3 4 5 7 8 9 10 11 | 11.0
Dodging        | 3 4 5 6 7 |  7.4
Shields        | 4 5 6 |  6.9
Stealth        | 1 |  1.9
Throwing       | 1 |  1.6

Action                   |  1- 3 |  4- 6 |  7- 9 | 10-12 || total
-------------------------+-------+-------+-------+-------++-------
Melee: Mace              |    73 |   130 |       |       ||   203
       Headbutt          |    19 |    17 |    63 |    94 ||   193
       Flail             |       |    22 |   197 |   237 ||   456
       Great mace        |       |       |   128 |   308 ||   436
Throw: Stone             |       |     2 |       |       ||     2
       Tomahawk          |       |       |     3 |     5 ||     8
Invok: Berserk           |       |     1 |     4 |     2 ||     7
       Brothers in Arms  |       |       |     2 |       ||     2
  Use: Scroll            |     3 |     5 |    10 |     8 ||    26
       Potion            |       |       |     1 |     1 ||     2
 Stab: Paralysed         |       |       |     1 |       ||     1
  Eat: Chunk             |       |     6 |    14 |     8 ||    28
       Ration            |       |       |       |     3 ||     3
Armor: Animal skin       |     2 |       |       |       ||     2
       Ice dragon scales |    30 |    77 |   263 |   221 ||   591
       Scale mail        |       |       |       |    21 ||    21
Dodge: Dodged            |    38 |    76 |   246 |   267 ||   627
Block: Shield            |       |       |    80 |   128 ||   208
